 Dungeon Crawl Stone Soup version 0.27.0-1-g7a089689b8 (webtiles) character file.

Game seed: 4912569047055003990

6276 RepoMan the Zephyrmancer (level 10, 0/49 HPs)
             Began as a Vine Stalker Air Elementalist on Aug 8, 2021.
             Was a Follower of Sif Muna.
             Slain by a hellwing (1 damage)
             ... on level 9 of the Dungeon.
             The game lasted 01:09:00 (9326 turns).

RepoMan the Zephyrmancer (VSAE)                     Turns: 9326, Time: 01:09:01

Health: 0/49       AC:  7    Str: 14    XL:     10   Next: 94%
Magic:  0/21       EV: 12    Int: 21    God:    Sif Muna [*.....]
Gold:   383        SH:  0    Dex: 15    Spells: 13/23 levels left

rFire    + + .     SeeInvis +   c - +0 dagger (venom)
rCold    . . .     Faith    .   (no shield)
rNeg     + . .     Spirit   +   m - +0 ring mail of the Lute {Regen+ Int+3 Stlth-}
rPois    .         Reflect  .   o - +0 helmet
rElec    .         Harm     .   b - +0 cloak
rCorr    .         Rampage  .   (no gloves)
Will     +....                  (no boots)
Stlth    ..........             i - amulet of Tojiefem {Regen+ Str+3 SInv}
HPRegen  3.16/turn              t - ring of Linearity {rF+ rN+ SInv}
MPRegen  0.17/turn              w - ring of protection from fire

@: about to teleport
A: fangs 3, regeneration 1, magic shield, antimagic bite, no potion heal 2
a: Renounce Religion, Channel Magic


You were on level 9 of the Dungeon.
You worshipped Sif Muna.
Sif Muna was aware of your devotion.
You visited 2 branches of the dungeon, and saw 10 of its levels.

You collected 383 gold pieces.

Inventory:

Hand Weapons
 c - a +0 dagger of venom (weapon)
 l - a +1 flail of holy wrath
Armour
 b - a +0 cloak (worn)
 m - the +0 ring mail of the Lute (worn) {Regen+ Int+3 Stlth-}
   (You found it on level 6 of the Dungeon)

   Int:       It affects your intelligence (+3).
   Regen:     It increases your rate of health regeneration.
   Stlth:     It makes you less stealthy.
 o - a +0 helmet (worn)
Jewellery
 i - the amulet of Tojiefem (around neck) {Regen+ Str+3 SInv}
   (You acquired it on level 4 of the Dungeon)

   [amulet of regeneration]

   Str:       It affects your strength (+3).
   SInv:      It lets you see invisible.
   Regen:     It increases your rate of health regeneration.
 t - the ring of Linearity (left hand) {rF+ rN+ SInv}
   (You acquired it on level 4 of the Dungeon)

   [ring of see invisible]

   rF:        It protects you from fire.
   rN:        It protects you from negative energy.
   SInv:      It lets you see invisible.
 w - a ring of protection from fire (right hand)
 A - an amulet of reflection
Wands
 a - a wand of acid (2)
 k - a wand of iceblast (1)
 C - a wand of polymorph (8)
 D - a wand of flame (19)
Scrolls
 d - 2 scrolls of vulnerability {unknown}
 f - 6 scrolls of fog
 h - a scroll of enchant weapon {unknown}
 j - a scroll of summoning {unknown}
 p - 4 scrolls of identify
 q - a scroll of blinking {unknown}
 r - 2 scrolls of magic mapping
 x - 2 scrolls of brand weapon {unknown}
 y - 2 scrolls of amnesia {unknown}
Potions
 g - 2 potions of flight
 n - a potion of berserk rage {unknown}
 s - a potion of ambrosia
 u - a potion of might {unknown}
 v - a potion of degeneration {unknown}
 z - 2 potions of heal wounds {unknown}
 B - a potion of haste


   Skills:
 + Level 4.0 Fighting
 + Level 4.5 Dodging
 - Level 2.4 Stealth
 + Level 7.2 Spellcasting
 + Level 6.9 Conjurations
 * Level 10.3 Air Magic
 + Level 4.3 Invocations


You had 13 spell levels left.
You knew the following spells:

 Your Spells              Type           Power      Damage    Failure   Level
a - Airstrike             Air            25%        N/A       2%          4
d - Static Discharge      Conj/Air       44%        N/A       1%          2
s - Swiftness             Air            50%        N/A       1%          3
z - Shock                 Conj/Air       100%       1d9       1%          1

Your spell library contained the following spells:

 Spells                   Type           Power      Damage    Failure   Level
 Slow                     Hex            7%         N/A       26%         2
 Confusing Touch          Hex            7%         N/A       47%         3
 Summon Guardian Golem    Hex/Summ       7%         N/A       47%         3
 Vampiric Draining        Necr           3%         2d6       47%         3
 Orb of Destruction       Conj           18%        9d8       100%        7
 Spellforged Servitor     Conj/Summ      11%        N/A       100%        7


Dungeon Overview and Level Annotations

Branches:
Dungeon (9/15)             Temple (1/1) D:7
   Lair: D:8-11         Orc: D:9-12

Altars:
Cheibriados
Fedhas
Makhleb
Qazlal
Sif Muna
Vehumet
Xom
Zin

Shops:
D:3 *   D:4 (

Annotations:
D:2 Sigmund
D:5 exclusion: oklob plant


Innate Abilities, Weirdness & Mutations

You have razor-sharp teeth.
Your natural rate of healing is unusually fast.
When hurt, damage is shared between your health and your magic reserves.
Your bite disrupts and absorbs the magic of your enemies.
Potions cannot restore your health.


Message History

The zap hits the hellwing.
The hellwing is heavily wounded.
The zap hits the hellwing.
The hellwing is lightly wounded.
The zap hits the hellwing.
The hellwing is lightly wounded.
The zap hits the hellwing but does no damage.
The hellwing is heavily wounded.
The hellwing swoops through the air toward you!
The hellwing hits you! The hellwing closely misses you. The hellwing hits you!
The hellwing hits you.
Okay, then.
Unknown command.
Unknown command.
As you read the scroll of teleportation, it crumbles to dust.
You feel strangely unstable.
The hellwing hits you but does no damage.
The hellwing hits you. The hellwing hits you!
* * * LOW HITPOINT WARNING * * *
The hellwing completely misses you.
Unknown command.
Unknown command.
Okay, then.
Unknown command.
Unknown command.
Aiming: Polymorph
Press: ? - help, Shift-Dir - straight line, f - hellwing
Aim: a hellwing (lightly wounded, will become a neqoxec, a red devil, or a ynoxinul, chance to affect: 15%)
Okay, then.
Unknown command.
Unknown command.
Aiming: Corrosive Bolt
Press: ? - help, Shift-Dir - straight line The bolt of acid hits the hellwing!
The hellwing is splashed with acid.
The hellwing is heavily wounded.
The hellwing completely misses you. The hellwing misses you.
The hellwing hits you!
* * * LOW HITPOINT WARNING * * *
The hellwing hits you.
You die...

#.......#.....#...
#.......#....####'
#.......#....##_#.
#.....#.......#.....≈≈≈.
#)....#.......#....≈≈≈≈≈
#.....#.#######....≈≈†≈≈
#.....#.# #....≈≈≈≈≈
+.....#4# #.....≈≈≈.
##.....#@# #.........
.......#4# #.........
..5....'.# #.........
.......#.# #.........
.P.....### #.........
....... #.........
....... #.........
Z...... ###+###.........
...####
.#.....#.........


You could see 2 hellwings.

Vanquished Creatures
  Maurice (D:8)
  2 kobold demonologists (D:8)
  Prince Ribbit (D:8)
  A wraith (D:9)
  Menkaure (D:6)
  2 water moccasins
  2 orc warriors
  An ice beast (D:7)
  2 ogres
  2 centaurs
  17 kobold brigands
  2 bullfrogs
  3 scorpions
  A wyvern zombie (D:7)
  5 killer bees
  2 wights
  An electric eel (D:9)
  A howler monkey (D:7)
  4 centaur zombies (D:9)
  A crimson imp (D:7)
  A bullfrog zombie (D:5)
  2 jellies
  2 hounds
  3 centaur skeletons
  A bullfrog skeleton (D:5)
  2 gnoll shamans (D:8)
  3 iguanas
  Terence (D:2)
  6 orc wizards
  A hound zombie (D:5)
  A hound skeleton (D:5)
  11 gnolls
  A howler monkey zombie (D:8)
  9 adders
  A shadow imp (D:9)
  A white imp (D:8)
  An ufetubus (D:5)
  3 worms
  An adder skeleton (D:4)
  An adder zombie (D:5)
  4 dart slugs
  11 orcs
  8 bats
  11 endoplasms
  6 giant cockroaches
  9 goblins
  7 hobgoblins
  4 quokkas
  7 ball pythons
  24 kobolds
  A rat (D:1)
196 creatures vanquished.

Vanquished Creatures (others)
  3 fungi (D:5)
  13 plants
  4 withered plants (D:9)
20 creatures vanquished.

Grand Total: 216 creatures vanquished

Notes
Turn   | Place    | Note
-------+----------+-------------------------------------------
     0 | D:1      | RepoMan the Vine Stalker Air Elementalist began the quest
                  | for the Orb.
     0 | D:1      | Reached XP level 1. HP: 9/9 MP: 4/4
   135 | D:1      | Reached XP level 2. HP: 13/13 MP: 0/6
   138 | D:1      | Learned a level 2 spell: Static Discharge
   945 | D:2      | Reached XP level 3. HP: 16/16 MP: 3/7
  1217 | D:2      | Learned a level 3 spell: Swiftness
  1224 | D:2      | Noticed Terence
  1698 | D:2      | Reached skill level 4 in Air Magic
  1770 | D:2      | Gained mutation: Your natural rate of healing is unusually
                  | fast. [Vine Stalker growth]
  1770 | D:2      | Reached XP level 4. HP: 21/21 MP: 5/9
  2178 | D:2      | Killed Terence
  2298 | D:2      | Noticed Sigmund
  2464 | D:3      | Found Zin's Purification Station.
  2464 | D:3      | Found a glowing silver altar of Zin.
  2744 | D:3      | Reached XP level 5. HP: 24/24 MP: 3/10
  3122 | D:3      | Learned a level 4 spell: Airstrike
  3631 | D:4      | Found a shimmering altar of Xom.
  3633 | D:4      | Found a shimmering altar of Xom.
  3633 | D:4      | Found a shimmering altar of Xom.
  3691 | D:4      | Found a shimmering altar of Xom.
  3742 | D:4      | Found a shimmering altar of Xom.
  3822 | D:4      | Found a shimmering altar of Xom.
  3852 | D:4      | Found a shimmering altar of Xom.
  3939 | D:4      | Found Ocirhais's Weapon Shop.
  3956 | D:4      | Noticed an ogre
  3978 | D:4      | Killed an ogre
  3979 | D:4      | Reached skill level 5 in Air Magic
  3979 | D:4      | Reached XP level 6. HP: 23/28 MP: 5/12
  4148 | D:4      | Identified 2 scrolls of acquirement
  4148 | D:4      | Acquired the ring of Linearity {rF+ rN+ SInv}
  4165 | D:4      | Acquired the amulet of Tojiefem {Regen+ Str+3 SInv}
  4194 | D:5      | Entered Level 5 of the Dungeon
  4552 | D:5      | Reached XP level 7. HP: 32/32 MP: 7/13
  5049 | D:5      | Found a blossoming altar of Fedhas.
  5072 | D:5      | Noticed an oklob plant
  5438 | D:6      | Identified the +0 ring mail of the Lute {Regen+ Int+3
                  | Stlth-}
  5485 | D:6      | Reached skill level 6 in Air Magic
  5831 | D:6      | Gained mutation: You have razor-sharp teeth. [Vine Stalker
                  | growth]
  5831 | D:6      | Reached XP level 8. HP: 36/36 MP: 11/15
  6094 | D:6      | Noticed Menkaure
  6096 | D:6      | Killed Menkaure
  6146 | D:6      | Reached skill level 1 in Fighting
  6196 | D:6      | Reached skill level 7 in Air Magic
  6497 | D:7      | Reached skill level 5 in Spellcasting
  6775 | D:7      | Found a burning altar of Makhleb.
  6899 | D:7      | Reached XP level 9. HP: 40/43 MP: 0/18
  7080 | D:7      | Reached skill level 5 in Conjurations
  7084 | D:7      | Found a radiant altar of Vehumet.
  7119 | D:7      | Reached skill level 8 in Air Magic
  7124 | D:7      | Found a staircase to the Ecumenical Temple.
  7129 | Temple   | Entered the Ecumenical Temple
  7143 | Temple   | Became a worshipper of Sif Muna the Loreminder
  7307 | D:8      | Noticed Prince Ribbit
  7313 | D:8      | Killed Prince Ribbit
  7314 | D:8      | Reached skill level 1 in Invocations
  7315 | D:8      | Noticed Maurice
  7326 | D:8      | Killed Maurice
  7581 | D:8      | Reached skill level 9 in Air Magic
  7724 | D:8      | Reached * piety under Sif Muna
  7876 | D:7      | Reached XP level 10. HP: 47/47 MP: 10/20
  8377 | D:8      | Noticed a kobold demonologist
  8394 | D:8      | Killed a kobold demonologist
  8559 | D:8      | Noticed a kobold demonologist
  8699 | D:8      | Killed a kobold demonologist
  9094 | D:9      | Found a snail-covered altar of Cheibriados.
  9168 | D:9      | Reached skill level 10 in Air Magic
  9326 | D:9      | HP: 1/49 [hellwing (12)]
  9326 | D:9      | Slain by a hellwing

Illustrated notes

Levels and vault maps discovered:
D:1:      co_arrival_hall_of_pillars, layout_loops_ring, minmay_pentomino_z4
D:2:      layout_loops_ring, uniq_terence, uniq_sigmund
D:3:      layout_loops_ring, zin_purify
D:4:      layout_cave_pools, nicolae_xom_altar_mimics, serial_shops, shop
D:5:      layout_gridville, tgw_fedhas, serial_co_window_serial,
          co_window_corner_a, co_window_paths_a, co_window_paths_b,
          co_window_paths_a, co_window_paths_a, co_window_corner_ca,
          co_window_paths_c, co_window_unsneaky_path_d,
          co_window_of_opportunity_c, glass_columns_a, glass_columns_a,
          glass_columns_b, glass_columns_a, glass_columns_a
D:6:      layout_loops_cross, kennysheep_minor_cross, uniq_menkaure
D:7:      layout_rooms, makhleb_grotto_becter, mainiacjoe_overflow_tiny_flanked,
          minmay_temple_entry_glassed_door
D:8:      layout_cave_pools, special_room [special_room_kobold], minmay_puff,
          uniq_prince_ribbit1, uniq_maurice
D:9:      cheibrodos_grave_circle, layout_gridville,
          nicolae_overflow_hidden_temple, kennysheep_mini,
          grunt_temple_overflow_holy_war, kennysheep_slug_shrine,
          zombieorc1_lemuel, serial_bayou, serial_bayou_pond_a,
          serial_bayou_pond_e, serial_bayou_crossing, serial_bayou_shore_b,
          hangedman_decor_lopped
Temple:   nicolae_temple_figure_zero

Skill      XL: |  1  2  3  4  5  6  7  8  9 10 |
---------------+-------------------------------+-----
Air Magic      | 4 5 6 7 9 10 | 10.3
Conjurations   | 2 3 4 6 |  6.9
Spellcasting   | 3 4 5 6 7 |  7.2
Dodging        | 2 3 4 |  4.5
Fighting       | 2 4 |  4.0
Invocations    | 3 4 |  4.3
Stealth        | |  2.4

Action                   |  1- 3 |  4- 6 |  7- 9 | 10-12 || total
-------------------------+-------+-------+-------+-------++-------
Melee: Unarmed           |     5 |       |       |       ||     5
       Bite              |     1 |     5 |    18 |    12 ||    36
       Dagger            |       |    19 |    39 |    28 ||    86
       Flail             |       |       |     2 |       ||     2
Throw: Boomerang         |     2 |       |       |       ||     2
 Cast: Shock             |    59 |   120 |   201 |    94 ||   474
       Static Discharge  |     1 |     3 |     7 |    16 ||    27
       Swiftness         |     1 |       |       |       ||     1
Evoke: Wand              |       |       |     9 |     2 ||    11
  Use: Potion            |     3 |       |       |       ||     3
       Scroll            |       |     6 |     4 |     1 ||    11
 Stab: Sleeping          |       |     7 |       |       ||     7
Armor: Robe              |     8 |    12 |     3 |       ||    23
       Ring mail         |       |       |    40 |    54 ||    94
Dodge: Dodged            |    22 |    33 |    89 |    63 ||   207
